 Dungeon Crawl Stone Soup version 0.22-a0-605-g9281fa2 (webtiles) character file.

7121 chorionicmirror the Skirmisher (level 10, -1/79 HPs)
             Began as a Demonspawn Gladiator on July 8, 2018.
             Was a Believer of Dithmenos.
             Slain by a seven-headed hydra (10 damage)
             ... on level 9 of the Dungeon.
             The game lasted 00:49:39 (9544 turns).

chorionicmirror the Skirmisher (DsGl)               Turns: 9544, Time: 00:49:41

Health: -1/79      AC:  6    Str: 14    XL:     10   Next: 85%
Magic:  16/16      EV: 16    Int: 12    God:    Dithmenos [**....]
Gold:   210        SH:  0    Dex: 20    Spells: 16/17 levels left

rFire    . . .     SeeInvis +   a - +3 dagger (venom)
rCold    . . .     Gourm    .   (no shield)
rNeg     + . .     Faith    +   z - +0 leather armour
rPois    .         Spirit   .   (helmet restricted)
rElec    .         Reflect  .   x - +0 cloak
rCorr    .         Harm     .   q - +0 pair of gloves
MR       .....                  (no boots)
Stlth    ++++......             P - amulet of faith
HPRegen  0.23/turn              H - ring of see invisible
MPRegen  0.15/turn              G - +2 ring of dexterity

@: wreathed by umbra
A: horns 2, blink, clever 1, demonic guardian 1, negative energy resistance 1,
spiny 3, evolution 1, sturdy frame 1
a: Blink, Shadow Step, Renounce Religion


You were on level 9 of the Dungeon.
You worshipped Dithmenos.
Dithmenos was pleased with you.
You were not hungry.

You visited 2 branches of the dungeon, and saw 10 of its levels.
You also visited: Sewer.

You collected 490 gold pieces.
You spent 280 gold pieces at shops.

Inventory:

Hand Weapons
 a - a +3 dagger of venom (weapon)
 b - a +2 hunting sling of velocity
 C - a +2 flail of draining
Missiles
 h - 3 throwing nets (quivered)
 l - 15 tomahawks of dispersal
 s - 4 tomahawks of returning
 t - 35 tomahawks
 A - 249 stones
 M - 8 javelins
Armour
 q - a +0 pair of gloves (worn)
 x - a +0 cloak (worn)
 z - a +0 leather armour (worn)
 N - a +0 shield
Jewellery
 e - an uncursed ring of poison resistance
 r - an uncursed ring of protection from cold
 y - an uncursed amulet of guardian spirit
 E - an uncursed ring of protection from cold
 G - a +2 ring of dexterity (right hand)
 H - a ring of see invisible (left hand)
 P - an amulet of faith (around neck)
Wands
 w - a wand of enslavement (7)
 B - a wand of iceblast (3)
 D - a wand of digging (9)
 F - a wand of flame (25)
 J - a wand of clouds (4)
Scrolls
 d - 8 scrolls of identify
 k - 4 scrolls of remove curse
 n - a scroll of magic mapping
 p - 4 scrolls of teleportation
 u - 2 scrolls of enchant weapon
 I - a scroll of enchant armour
 L - a scroll of amnesia
 O - a scroll of brand weapon
Potions
 c - 3 potions of mutation
 g - a potion of curing
 i - 3 potions of agility
 j - 2 potions of ambrosia
 m - 2 potions of flight
 o - 4 potions of lignification
 v - 3 potions of haste
 K - 4 potions of might
Comestibles
 f - 22 rations


   Skills:
 - Level 7.6 Fighting
 - Level 7.3 Short Blades
 - Level 1.7 Throwing
 + Level 5.0 Armour
 + Level 5.5 Dodging
 - Level 5.4 Stealth
 - Level 4.0 Spellcasting
 - Level 5.1 Conjurations
 - Level 5.0 Air Magic


You had 16 spell levels left.
You knew the following spells:

 Your Spells              Type           Power        Failure   Level  Hunger
a - Shock                 Conj/Air       ##..         2%          1    #......

Your spell library contained the following spells:

 Spells                   Type           Power        Failure   Level  Hunger
 Magic Dart               Conj           ##..         2%          1    #......
 Lightning Bolt           Conj/Air       ##........   61%         5    ######.
 Confuse                  Hex            #.......     56%         3    ###....
 Summon Small Mammal      Summ           #...         22%         1    #......
 Iskenderun's Mystic Bla  Conj           ##......     28%         4    #####..
 Summon Ice Beast         Ice/Summ       #.......     92%         4    #####..
 Call Imp                 Summ           #.......     34%         2    ##.....
 Swiftness                Chrm/Air       #.......     12%         2    ##.....
 Airstrike                Air            ##........   28%         4    #####..
 Confusing Touch          Hex            #.....       22%         1    #......
 Call Canine Familiar     Summ           #.......     56%         3    ###....
 Metabolic Englaciation   Hex/Ice        #.........   99%         5    ######.
 Static Discharge         Conj/Air       ##......     9%          3    ###....
 Petrify                  Tmut/Erth      #.......     92%         4    #####..
 Fulminant Prism          Conj/Hex       #.........   63%         4    #####..
 Dazzling Spray           Conj/Hex       #.....       24%         3    ###....
 Force Lance              Conj/Tloc      #.......     63%         4    #####..
 Searing Ray              Conj           ##....       4%          2    ##.....
 Summon Lightning Spire   Summ/Air       #.......     63%         4    #####..
 Summon Guardian Golem    Hex/Summ       #.......     56%         3    ###....
 Gell's Gravitas          Tloc           #.........   56%         3    ###....
 Yara's Violent Unravell  Hex/Tmut       #.........   99%         5    ######.


Dungeon Overview and Level Annotations

Branches:
Dungeon (9/15)             Temple (1/1) D:7            Lair (0/6) D:8
    Orc: D:9-12

Altars:
Ashenzari
Cheibriados
Dithmenos
Elyvilon
Fedhas
Gozag
Hepliaklqana
Kikubaaqudgha
Makhleb
Nemelex Xobeh
Okawaru
Qazlal
Ru
Sif Muna
Trog
Uskayaw
Vehumet
Wu Jian
Xom
Yredelemnul
Zin
The Shining One

Shops:
D:8 *


Innate Abilities, Weirdness & Mutations

You have a pair of horns on your head.
A weak demonic guardian rushes to your aid.
You resist negative energy. (rN+)
You are completely covered in sharp spines.
Your movements are slightly less encumbered by armour. (ER -2)
You can translocate small distances at will.
Your mind is acute. (Int +2)
You evolve.


Message History

Your quasit dies!
The orc warrior is struck by your spines.
The orc warrior barely misses you.
The orc shouts!
Items here: " ) [ † a dagger of venom; a robe; an amulet of faith; an orc corpse You hit the orc warrior but do no damage.
The orc warrior is poisoned.
The orc warrior is severely wounded.
The orc warrior is struck by your spines.
The orc warrior misses you.
Okay, then.
You blink.
You feel slightly more hungry.
You fail to use your ability.
The orc warrior misses you.
The seven-headed hydra is struck by your spines.
The seven-headed hydra closely misses you. x2
The seven-headed hydra bites you.
* * * LOW HITPOINT WARNING * * *
The seven-headed hydra bites you!
You die...

..# #...####..###..##.#.#
###...###...###÷.####...#
.###..####..###..#...#
###..#..####....#.#.#.##
###..D.###..####.##.#....##
###...##.)##.##.####..#......
#...#..##.)#.)....####......#
###.##..##.#.######.###.###.#
#####.D###@o§).............
o# ##..##D######.###...#.#
o### ##o.#o.....###.....#..
.o#######..##.###(..#######
).o.######..###....## #
#.|..o..###...##.# #
})||#######......>.# #
||######....###.#### #
.#####....### #.# ...


You could see a seven-headed hydra, an orc warrior and an orc.

Vanquished Creatures
  3 two-headed ogres
  Grinder (D:6)
  A hippogriff (D:7)
  Eustachio (D:4)
  A vampire (D:8)
  4 hogs (D:7)
  A human (D:7)
  Menkaure (D:5)
  Duvessa (D:5)
  4 orc warriors
  2 sky beasts
  2 ogres
  A centaur (D:8)
  2 crocodiles
  5 big kobolds
  A gnoll sergeant (D:8)
  6 bullfrogs
  Dowan (D:5)
  3 scorpions
  A howler monkey (D:6)
  A crimson imp (D:6)
  A bullfrog zombie (D:8)
  A centaur zombie (D:9)
  2 jellies
  3 hounds
  5 orc priests
  9 orc wizards
  2 bullfrog skeletons (D:7)
  2 iguanas (D:9)
  7 worker ants
  3 hound zombies
  A hound skeleton (D:4)
  Robin (D:2)
  3 gnolls
  A howler monkey skeleton (D:6)
  13 adders
  A shadow imp (D:6)
  16 oozes
  An adder zombie (D:9)
  3 adder skeletons
  2 worms
  A dart slug (D:3)
  9 leopard geckos
  41 orcs
  10 ball pythons (Sewer)
  10 giant cockroaches
  16 goblins
  7 hobgoblins
  7 jackals
  4 quokkas
  7 bats
  12 frilled lizards
  A jackal skeleton (D:4)
  26 kobolds
  2 leopard gecko skeletons
  A quokka skeleton (D:5)
  A quokka zombie (D:9)
  8 rats
283 creatures vanquished.

Vanquished Creatures (collateral kills)
  An elephant (D:8)
  A basilisk (D:8)
  An orc warrior (D:9)
  A big kobold (D:9)
  A jelly (D:4)
  An adder (D:5)
  An ooze (D:4)
  2 orcs
  A quokka (D:5)
  A fungus (D:4)
11 creatures vanquished.

Vanquished Creatures (others)
  An orc wizard (D:9)
  A gnoll (D:8)
  6 toadstools (D:4)
8 creatures vanquished.

Grand Total: 302 creatures vanquished

Notes
Turn   | Place    | Note
-------+----------+-------------------------------------------
     0 | D:1      | chorionicmirror the Demonspawn Gladiator began the quest for the Orb.
     0 | D:1      | Reached XP level 1. HP: 16/16 MP: 1/1
    96 | D:1      | Reached skill level 1 in Stealth
   311 | D:1      | Gained mutation: You are partially covered in sharp spines. [demonic ancestry]
   311 | D:1      | Reached XP level 2. HP: 13/22 MP: 2/2
  1268 | D:2      | Reached XP level 3. HP: 22/27 MP: 3/3
  1490 | D:2      | Noticed Robin
  1515 | D:2      | Killed Robin
  1523 | D:2      | Gained mutation: A weak demonic guardian rushes to your aid. [demonic ancestry]
  1523 | D:2      | Reached XP level 4. HP: 7/33 MP: 4/4
  2253 | D:3      | Found a glowing silver altar of Zin.
  2835 | D:3      | Noticed an orc warrior
  2841 | D:3      | Killed an orc warrior
  2841 | D:3      | Reached skill level 5 in Stealth
  2841 | D:3      | Gained mutation: Your movements are slightly less encumbered by armour. (ER -2) [demonic ancestry]
  2841 | D:3      | Reached XP level 5. HP: 27/38 MP: 2/5
  3047 | D:4      | Gained mutation: You are mostly covered in sharp spines. [demonic ancestry]
  3047 | D:4      | Reached XP level 6. HP: 37/46 MP: 4/6
  4026 | D:5      | Entered Level 5 of the Dungeon
  4046 | D:5      | Noticed Menkaure
  4212 | D:5      | Noticed Eustachio
  4227 | D:4      | Killed Eustachio
  4227 | D:4      | Gained mutation: You have a pair of small horns on your head. [demonic ancestry]
  4227 | D:4      | Reached XP level 7. HP: 27/53 MP: 4/7
  4403 | D:5      | Killed Menkaure
  4670 | D:5      | Noticed Duvessa
  4671 | D:5      | Noticed Dowan
  4686 | D:5      | Killed Dowan
  4715 | D:5      | Killed Duvessa
  4715 | D:5      | Reached skill level 5 in Fighting
  4715 | D:5      | Reached skill level 5 in Short Blades
  5168 | D:6      | Gained mutation: You are completely covered in sharp spines. [demonic ancestry]
  5168 | D:6      | Reached XP level 8. HP: 30/63 MP: 4/8
  5365 | D:6      | Noticed Grinder
  5390 | D:6      | Killed Grinder
  5529 | D:6      | Found a glowing drain.
  5552 | Sewer    | Entered a sewer
  6072 | Sewer    | Gained mutation: Your mind is acute. (Int +2) [potion of mutation]
  6072 | Sewer    | Gained mutation: You evolve. [potion of mutation]
  6072 | Sewer    | Gained mutation: You can translocate small distances at will. [potion of mutation]
  6214 | D:6      | Reached XP level 9. HP: 67/72 MP: 7/9
  6467 | D:6      | Learned a level 1 spell: Shock
  6586 | D:7      | Noticed a two-headed ogre
  6610 | D:7      | Killed a two-headed ogre
  6917 | D:7      | Found a staircase to the Ecumenical Temple.
  6925 | Temple   | Entered the Ecumenical Temple
  7293 | Temple   | Became a worshipper of Dithmenos the Shadowed
  7977 | D:8      | Found a staircase to the Lair.
  7977 | D:8      | Noticed an elephant
  8168 | D:7      | Gained mutation: You resist negative energy. (rN+) [demonic ancestry]
  8168 | D:7      | Reached XP level 10. HP: 62/79 MP: 12/16
  8210 | D:8      | Reached * piety under Dithmenos
  8224 | D:8      | Killed an elephant
  8224 | D:8      | Reached skill level 5 in Conjurations
  8292 | D:8      | Reached skill level 1 in Armour
  8297 | D:8      | Reached skill level 5 in Air Magic
  8496 | D:8      | Found Bileig's General Store.
  8499 | D:8      | Bought a scroll of brand weapon for 280 gold pieces
  8826 | D:9      | Noticed a two-headed ogre
  8839 | D:9      | Killed a two-headed ogre
  8950 | D:9      | Reached ** piety under Dithmenos
  9308 | D:9      | Noticed a two-headed ogre
  9309 | D:9      | Gained mutation: You have a pair of horns on your head. [evolution]
  9316 | D:9      | Killed a two-headed ogre
  9316 | D:9      | Reached skill level 5 in Dodging
  9492 | D:9      | Noticed a seven-headed hydra
  9535 | D:9      | Reached skill level 5 in Armour
  9537 | D:9      | HP: 3/79 [orc warrior/glaive (10)]
  9544 | D:9      | Slain by a seven-headed hydra

Vault maps used:
D:1:      elethiomel_arrival_maze
D:2:      uniq_robin
D:3:      minmay_wonky_spiral, zin_academy, first_ration
D:4:      cheibrodos_fertilizer
D:5:      kennysheep_generic_room_6, uniq_menkaure, uniq_eustachio, uniq_duvessa
D:6:      cheibrodos_sewer_entry_bend, minmay_unpleasant_kobolds, uniq_grinder
D:7:      minmay_temple_entry_crystal_x, grunt_livestock
D:8:      david_lair_generic, serial_shops, nicolae_shop_behind_doors
D:9:      minmay_the_grid_triangle_9x9_rhombus_thin
Temple:   nicolae_temple_the_god_donut
Sewer:    sewer_frog_island_02

Skill      XL: |  1  2  3  4  5  6  7  8  9 10 |
---------------+-------------------------------+-----
Stealth        | 1 2 3 5 |  5.4
Short Blades   | 3 4 5 7 |  7.3
Fighting       | 3 5 7 |  7.6
Spellcasting   | 4 |  4.0
Conjurations   | 4 5 |  5.1
Air Magic      | 4 5 |  5.0
Armour         | 5 |  5.0
Dodging        | 5 |  5.5
Throwing       | |  1.7

Action                   |  1- 3 |  4- 6 |  7- 9 | 10-12 || total
-------------------------+-------+-------+-------+-------++-------
Melee: Rapier            |    46 |       |       |       ||    46
       Dagger            |    41 |   128 |   279 |   157 ||   605
       Headbutt          |       |       |    54 |    47 ||   101
       Flail             |       |       |       |     1 ||     1
 Fire: Hunting sling     |       |    24 |       |       ||    24
Throw: Throwing net      |       |     3 |       |       ||     3
 Cast: Shock             |       |       |     1 |    19 ||    20
 Abil: Blink             |       |       |     1 |     5 ||     6
Evoke: Wand              |       |       |     8 |     7 ||    15
  Use: Scroll            |     2 |    10 |     5 |       ||    17
       Potion            |       |       |     7 |     3 ||    10
 Stab: Sleeping          |     5 |     9 |     8 |     5 ||    27
       Distracted        |       |       |     3 |       ||     3
  Eat: Chunk             |     2 |     5 |     9 |     5 ||    21
       Ration            |       |     1 |     1 |       ||     2
Armor: Leather armour    |    21 |    20 |    37 |    18 ||    96
Dodge: Dodged            |    54 |    64 |   118 |   102 ||   338

Table legend:
 A = Spawn XP
 B = Non-spawn XP
 C = Spawn XP percentage of total XP
 D = Spawn monster count
 E = Non-spawn monster count
 F = Spawn count percentage of total count
 G = Total turns spent on level
                    A         B        C        D         E        F      G
               +---------+---------+-------+---------+---------+-------+---------
         Total |       0 |   10173 |   0.0 |       0 |     294 |   0.0 |  9544
               +---------+---------+-------+---------+---------+-------+---------
           D:1 |       0 |      31 |   0.0 |       0 |      16 |   0.0 |  1115
           D:2 |       0 |      82 |   0.0 |       0 |      32 |   0.0 |   939
           D:3 |       0 |     192 |   0.0 |       0 |      22 |   0.0 |   915
           D:4 |       0 |     438 |   0.0 |       0 |      35 |   0.0 |  1370
           D:5 |       0 |     525 |   0.0 |       0 |      19 |   0.0 |   806
           D:6 |       0 |    1266 |   0.0 |       0 |      29 |   0.0 |   795
           D:7 |       0 |    2306 |   0.0 |       0 |      16 |   0.0 |  1036
           D:8 |       0 |    1840 |   0.0 |       0 |      28 |   0.0 |   932
           D:9 |       0 |    3126 |   0.0 |       0 |      46 |   0.0 |   725
         Sewer |       0 |     367 |   0.0 |       0 |      51 |   0.0 |   528
               +---------+---------+-------+---------+---------+-------+---------
